[Event "Titled Tuesday Blitz December 20 Late 2022"]
[White "Zhukov, Maksim"]
[Black "Gomes, Luiz Alexandre de Souza"]
[WhiteFideId "34181790"]
[BlackFideId "2102790"]
[WhiteElo "1929"]
[BlackElo "2388"]
[Result "1-0"]
[Round "06"]
[TimeControl "180+1"]
[Date "2022.12.21"]
[WhiteClock "0:01:40"]
[BlackClock "0:00:01"]

1. Nf3 Nf6 2. g3 c6 3. Bg2 d5 4. O-O Bf5 5. c4 e6 6. d4 Nbd7 7. Nc3 h6 8. Nd2 Be7 9. e4 dxe4 10. Ndxe4 O-O 11. h3 Nxe4 12. Nxe4 Nf6 13. Nc3 Qa5 14. Be3 Rfd8 15. Qb3 Rd7 16. Rfd1 Rad8 17. Rac1 Bf8 18. a3 Qa6 19. Rd2 Qa5 20. Rcd1 Bg6 21. Qa2 Qh5 22. b4 Bd6 23. d5 exd5 24. cxd5 cxd5 25. Nxd5 Nxd5 26. Rxd5 Bxg3 27. fxg3 Rxd5 28. Rxd5 Rxd5 29. Qxd5 Qe2 30. Bd4 Qd3 31. Kh2 Qxa3 32. Qxb7 a5 33. Qa8+ Kh7 34. Qxa5 Qd3 35. Qe5 f6 36. Qe3 Qb5 37. Bc5 h5 38. h4 Qd7 39. Be4 Bxe4 40. Qxe4+ Kg8 41. Qc4+ Kh7 42. Bf2 Qd2 43. Qd4 Qe2 44. Qe3 Qf1 45. Qe4+ Kg8 46. Qg2 Qc4 47. Bc5 Kh7 48. Qd2 g6 49. Qd7+ Kg8 50. Qe8+ Kg7 51. Qf8+ Kh7 52. Qxf6 1-0


[Site "https://www.chess.com"]

[Event "Titled Tuesday Blitz December 20 Late 2022"]
[White "monkins"]
[Black "Hoffmann, Asa"]
[BlackFideId "2001470"]
[WhiteElo "2222"]
[BlackElo "2117"]
[Result "1-0"]
[Round "06"]
[TimeControl "180+1"]
[Date "2022.12.21"]
[WhiteClock "0:01:22"]
[BlackClock "0:01:58"]

1. Nf3 d6 2. g3 e5 3. d3 c6 4. Bg2 Nf6 5. c4 Be7 6. Nc3 Be6 7. O-O Qd7 8. Re1 h6 9. Rb1 a5 10. a3 Na6 11. b4 axb4 12. axb4 O-O 13. b5 Nc5 14. Be3 e4 15. dxe4 Ncxe4 16. Nxe4 Nxe4 17. bxc6 bxc6 18. Qc2 Nf6 19. Nd4 Rfc8 20. Nxe6 fxe6 21. Qg6 Qe8 22. Qxe8+ Nxe8 23. Rb7 Bf6 24. Bh3 Rc7 25. Bxe6+ Kf8 26. Reb1 Ra7 27. Bxa7 1-0


[Site "https://www.chess.com"]

[Event "Titled Tuesday Blitz December 20 Late 2022"]
[White "Abdrlauf, Elham"]
[Black "Paravyan, David"]
[WhiteFideId "1533533"]
[BlackFideId "4194985"]
[WhiteElo "2454"]
[BlackElo "2551"]
[Result "1/2-1/2"]
[Round "07"]
[TimeControl "180+1"]
[Date "2022.12.20"]
[WhiteClock "0:03:02"]
[BlackClock "0:02:32"]

1. e4 e5 2. Nc3 Nf6 3. d4 exd4 4. Qxd4 Nc6 5. Qd3 d5 6. Bf4 d4 7. Nb5 Bb4+ 8. c3 dxc3 9. Qxd8+ Kxd8 10. O-O-O+ Bd7 11. bxc3 Ba5 12. f3 a6 13. Nd4 Nxd4 14. cxd4 Ba4 15. Rd3 Bb5 16. Rd1 Ba4 17. Rd3 Bb5 18. Rd1 Ba4 1/2-1/2


[Site "https://www.chess.com"]

[Event "Titled Tuesday Blitz December 20 Late 2022"]
[White "Aghasiyev, Kamal"]
[Black "Kohler, Aran"]
[WhiteFideId "13402854"]
[BlackFideId "1002856"]
[WhiteElo "2341"]
[BlackElo "2334"]
[Result "1/2-1/2"]
[Round "07"]
[TimeControl "180+1"]
[Date "2022.12.21"]
[WhiteClock "0:00:09"]
[BlackClock "0:00:14"]

1. d4 d5 2. c4 c6 3. Nf3 Nf6 4. e3 e6 5. Nc3 Nbd7 6. Qc2 Bd6 7. Bd3 dxc4 8. Bxc4 b5 9. Be2 Bb7 10. O-O O-O 11. e4 e5 12. Rd1 Qe7 13. dxe5 Nxe5 14. Nh4 g6 15. Bg5 Kg7 16. f4 Bc5+ 17. Kh1 h6 18. fxe5 hxg5 19. exf6+ Qxf6 20. Nf3 g4 21. e5 Qe7 22. Ne4 gxf3 23. Qxc5 Qxc5 24. Nxc5 fxe2 25. Re1 Bc8 26. Rxe2 Be6 27. Nxe6+ fxe6 28. Rc1 Rac8 29. b4 Rf4 30. a3 c5 31. g3 Rd4 32. bxc5 Rc4 33. Rd1 R8xc5 34. Rd7+ Kh6 35. Rd6 Rc6 36. Kg2 a5 37. Rb2 b4 38. axb4 Rc2+ 39. Rxc2 Rxc2+ 40. Kh3 axb4 41. Rxe6 b3 42. Rb6 b2 43. Rb7 Kg5 44. e6 Kf6 45. e7 Kf7 46. g4 g5 47. Kg3 Re2 48. h4 Rxe7 49. Rxb2 gxh4+ 50. Kxh4 Kg6 51. Rb6+ Kg7 52. Kh5 Re5+ 53. g5 Re7 54. Rc6 Rd7 55. Rg6+ Kh7 56. Rh6+ Kg7 57. Re6 Rc7 58. Rg6+ Kh7 59. Rh6+ Kg7 60. Rg6+ Kh7 61. Rh6+ Kg7 62. Rg6+ 1/2-1/2


[Site "https://www.chess.com"]

[Event "Titled Tuesday Blitz December 20 Late 2022"]
[White "Andreassen, Lars"]
[Black "Jimenez Almeida, Luis David"]
[WhiteFideId "1504878"]
[BlackFideId "22242244"]
[WhiteElo "2119"]
[BlackElo "2158"]
[Result "0-1"]
[Round "07"]
[TimeControl "180+1"]
[Date "2022.12.21"]
[WhiteClock "0:00:10"]
[BlackClock "0:00:07"]

1. d4 g6 2. Nf3 Bg7 3. Nc3 d5 4. Bg5 a6 5. a4 h6 6. Bh4 Nf6 7. Bxf6 Bxf6 8. e4 dxe4 9. Nxe4 Bg7 10. Bc4 e6 11. c3 Nd7 12. O-O Nb6 13. Bb3 O-O 14. Re1 Nd5 15. a5 c6 16. Ne5 Qc7 17. Nd3 Nf4 18. g3 Nxd3 19. Qxd3 e5 20. d5 cxd5 21. Bxd5 Rd8 22. Red1 Be6 23. c4 Kh7 24. Nc3 f5 25. Qe3 Bxd5 26. cxd5 e4 27. Na4 Qe5 28. Nb6 Rab8 29. Rab1 g5 30. b4 f4 31. Qc5 e3 32. fxe3 fxg3 33. Qc2+ Kh8 34. e4 gxh2+ 35. Kh1 g4 36. Re1 g3 37. Rb3 h5 38. Qe2 h4 39. Qg4 Bf6 40. Nd7 Rxd7 41. Qxd7 Bg7 42. Qg4 Bf6 43. Rf3 Rg8 44. Qxg8+ Kxg8 45. d6 Qxd6 46. Ref1 Be5 47. Rf5 Qd4 48. Rf8+ Kg7 49. R1f7+ Kg6 50. Kg2 Qxe4+ 51. Kh3 h1=Q# 0-1


[Site "https://www.chess.com"]

[Event "Titled Tuesday Blitz December 20 Late 2022"]
[White "Ansh M Shah"]
[Black "Gonzalez, Francisco Silva"]
[WhiteFideId "25033379"]
[BlackFideId "1512285"]
[WhiteElo "2084"]
[BlackElo "2220"]
[Result "1-0"]
[Round "07"]
[TimeControl "180+1"]
[Date "2022.12.21"]
[WhiteClock "0:00:08"]
[BlackClock "0:00:47"]

1. d4 Nf6 2. c4 e6 3. g3 d5 4. Bg2 dxc4 5. Nf3 Nc6 6. O-O Rb8 7. a4 b6 8. Qc2 Nb4 9. Qxc4 Ba6 10. Qb3 Bxe2 11. Re1 Bxf3 12. Bxf3 a5 13. Na3 Be7 14. Nb5 O-O 15. Bf4 Nbd5 16. Be5 Bb4 17. Rec1 Rc8 18. Na7 Ra8 19. Nc6 Qd7 20. Nxb4 axb4 21. Bxf6 gxf6 22. Be4 Ra5 23. Bxd5 Rxd5 24. Qxb4 Rxd4 25. Rxc7 Rxb4 26. Rxd7 Rxb2 27. Rb7 Rb4 28. Kg2 Ra8 29. Rc1 Rbxa4 30. Rcc7 Rf8 31. Rxb6 Ra2 32. h4 f5 33. Rbb7 Kg7 34. Kf3 Kf6 35. Kg2 h5 36. Kf3 Ra4 37. Kg2 f4 38. Kf3 fxg3 39. fxg3 Ra3+ 40. Kf2 e5 41. Rc6+ Kf5 42. Rh6 Ke4 43. Rb4+ Kd5 44. Rxh5 f6 45. Rb2 Rc8 46. Rd2+ Ke6 47. Rh6 Rcc3 48. Rg6 Rf3+ 49. Kg2 Kf5 50. h5 Rad3 51. Rxd3 Rxd3 52. g4+ Kf4 53. h6 Rd8 54. Kh3 f5 55. Rf6 e4 56. Rxf5+ Ke3 57. g5 Rd1 58. Kg4 Rg1+ 59. Kh5 Kd2 60. Rd5+ Kc2 61. Re5 Kd3 62. Kg6 Kd4 63. Re8 e3 64. h7 e2 65. Rxe2 Rh1 66. Re8 Rxh7 67. Kxh7 1-0


[Site "https://www.chess.com"]

[Event "Titled Tuesday Blitz December 20 Late 2022"]
[White "Araujo, Everson De Moura"]
[Black "Radovanovic, Dusan"]
[WhiteFideId "22737197"]
[BlackFideId "926868"]
[WhiteElo "2035"]
[BlackElo "2337"]
[Result "0-1"]
[Round "07"]
[TimeControl "180+1"]
[Date "2022.12.21"]
[WhiteClock "0:00:01"]
[BlackClock "0:00:39"]

1. c4 e5 2. Nc3 Nc6 3. Nf3 Nf6 4. e4 Bb4 5. d3 a6 6. a3 Bc5 7. b4 Ba7 8. Be2 d6 9. O-O Bg4 10. h3 Bxf3 11. Bxf3 h6 12. Be3 Nd4 13. Rc1 O-O 14. Nd5 c6 15. Nc3 Qe7 16. g3 b5 17. Bg2 Nd7 18. Ne2 Nxe2+ 19. Qxe2 Bxe3 20. Qxe3 c5 21. bxc5 Nxc5 22. d4 Ne6 23. dxe5 dxe5 24. cxb5 axb5 25. Rb1 Nd4 26. f4 Rxa3 27. Qf2 Rxg3 28. f5 Qh4 29. Kh2 Nf3+ 30. Qxf3 Rxf3 31. Rxf3 Qxe4 32. Rxb5 Qe2 33. Rb1 Rd8 34. f6 Rd3 35. Rb8+ Kh7 36. fxg7 Kxg7 37. Rxd3 Qxd3 38. Re8 Qd4 39. Ra8 Qf4+ 0-1


[Site "https://www.chess.com"]

[Event "Titled Tuesday Blitz December 20 Late 2022"]
[White "Arbunic Castro, Giovanna"]
[Black "Martins Jr Sobrinho, Manuel De"]
[WhiteFideId "3400549"]
[BlackFideId "2170310"]
[WhiteElo "1958"]
[BlackElo "1924"]
[Result "0-1"]
[Round "07"]
[TimeControl "180+1"]
[Date "2022.12.21"]
[WhiteClock "0:00:05"]
[BlackClock "0:01:05"]

1. e4 c5 2. g3 Nc6 3. Bg2 Nf6 4. Ne2 g6 5. c3 d5 6. exd5 Nxd5 7. d4 cxd4 8. cxd4 Bg7 9. O-O O-O 10. Nbc3 Nxc3 11. bxc3 Na5 12. Rb1 e5 13. Qa4 Bd7 14. Qb4 exd4 15. cxd4 Bc6 16. d5 Bd7 17. Bd2 b6 18. d6 Bc6 19. Bxc6 Nxc6 20. Qb5 Qxd6 21. Bf4 Qc5 22. Qxc5 bxc5 23. Rfc1 Nd4 24. Nc3 g5 25. Be3 f5 26. Kf1 f4 27. Bxd4 cxd4 28. Ne4 fxg3 29. hxg3 Rae8 30. Nxg5 Bh6 31. f4 Bxg5 32. Rc7 Re7 33. Rbb7 Rxc7 34. Rxc7 Bf6 35. Rxa7 d3 36. Ke1 Bc3+ 37. Kd1 Re8 38. Rd7 Re1# 0-1


[Site "https://www.chess.com"]

[Event "Titled Tuesday Blitz December 20 Late 2022"]
[White "ArchibaldCerveza29"]
[Black "Bogaudinov, Rushan"]
[BlackFideId "4129288"]
[WhiteElo "2438"]
[BlackElo "2028"]
[Result "1-0"]
[Round "07"]
[TimeControl "180+1"]
[Date "2022.12.21"]
[WhiteClock "0:00:05"]
[BlackClock "0:00:01"]

1. d4 d5 2. c4 e6 3. Nc3 a6 4. cxd5 exd5 5. Bf4 Nf6 6. Qc2 Bd6 7. Bxd6 Qxd6 8. Nf3 O-O 9. e3 c6 10. Bd3 Nbd7 11. O-O Re8 12. Rfe1 Nf8 13. Ne5 N6d7 14. f4 f6 15. Nf3 Nb6 16. b3 Bg4 17. Qf2 Bxf3 18. Qxf3 Re7 19. Rad1 Qb4 20. Rc1 a5 21. Bc2 Kh8 22. Na4 Nxa4 23. bxa4 Rae8 24. Bb3 f5 25. Kf2 Nd7 26. g4 fxg4 27. Qxg4 Nf6 28. Qf3 Qd2+ 29. Qe2 Ng4+ 30. Kg1 Qxe2 31. Rxe2 Rxe3 32. Rxe3 Rxe3 33. Bxd5 h5 34. Bf7 Nf6 35. Rb1 Re7 36. Bg6 Nd5 37. f5 h4 38. Rc1 Nf4 39. Rc5 Nxg6 40. fxg6 Re6 41. Rxa5 Rxg6+ 42. Kf2 h3 43. Rh5+ Kg8 44. Rxh3 Rg4 45. Ke3 Kf7 46. Rh8 Rg2 47. Rb8 Rxa2 48. Rxb7+ Kf6 49. Rb6 Rxa4 50. Rxc6+ Kf5 51. Rc7 Ra3+ 52. Kf2 g5 53. Re7 Kf4 54. d5 Ra2+ 55. Kg1 Kf3 56. Rf7+ Kg4 57. d6 Ra1+ 58. Kg2 Ra2+ 59. Rf2 Ra8 60. Rd2 Rd8 61. d7 Kf4 62. Rd5 g4 63. Rd4+ Ke3 64. Rd6 Kf4 65. Rd5 Ke4 66. Rd1 Kf4 67. Kf2 1-0


[Site "https://www.chess.com"]

[Event "Titled Tuesday Blitz December 20 Late 2022"]
[White "Ardila, Oscar Humberto"]
[Black "Moreno Perez, Tobias Sebastian"]
[WhiteFideId "4404742"]
[BlackFideId "186716"]
[WhiteElo "1961"]
[BlackElo "2259"]
[Result "0-1"]
[Round "07"]
[TimeControl "180+1"]
[Date "2022.12.21"]
[WhiteClock "0:00:36"]
[BlackClock "0:00:18"]

1. d4 d5 2. c4 c6 3. cxd5 cxd5 4. Nc3 Nf6 5. Bf4 Nc6 6. e3 a6 7. Nf3 Bg4 8. Be2 e6 9. O-O Be7 10. Qb3 Na5 11. Qa4+ b5 12. Qc2 O-O 13. h3 Bxf3 14. Bxf3 Rc8 15. a3 Nc4 16. Rac1 Qa5 17. Rfd1 b4 18. axb4 Qxb4 19. b3 Na5 20. Qb2 Qxb3 21. Rd2 Qxb2 22. Rxb2 Ba3 23. Ra2 Bxc1 24. Rxa5 Rxc3 25. Rxa6 h6 26. Be5 Bd2 27. g4 Ne4 28. h4 Be1 29. Bxe4 dxe4 30. g5 hxg5 31. hxg5 Rc2 32. Bg3 Rfc8 33. Kg2 R2c6 34. Ra7 Bb4 35. Ra4 Bf8 36. Ra7 g6 37. Ra4 Be7 38. Ra7 Bxg5 39. Be5 Bh6 40. Ra1 Bg7 41. Bf4 Rc1 42. Ra7 Rd1 43. Rd7 Rcc1 44. Bh2 Rc2 45. Rd8+ Kh7 46. Rd7 Rdd2 47. Bg3 Bh6 48. Rxf7+ Kg8 49. Rf6 Bxe3 50. Rxg6+ Kf7 51. Rg4 Bxf2 52. Rf4+ Ke8 53. Bxf2 e3 54. Re4 Rxf2+ 55. Kg3 Rg2+ 56. Kh3 e2 57. Rxe6+ Kd7 58. Re3 Rg1 59. Kh2 e1=Q+ 0-1


[Site "https://www.chess.com"]

[Event "Titled Tuesday Blitz December 20 Late 2022"]
[White "Arnold, Ken"]
[Black "Battlecruiser_Operational"]
[WhiteFideId "2056836"]
[WhiteElo "2352"]
[BlackElo "2427"]
[Result "1-0"]
[Round "07"]
[TimeControl "180+1"]
[Date "2022.12.21"]
[WhiteClock "0:00:28"]
[BlackClock "0:00:09"]

1. e4 d5 2. exd5 Qxd5 3. Nf3 Nf6 4. Be2 g6 5. d4 Bg7 6. c4 Qd8 7. Nc3 O-O 8. h3 b6 9. O-O Bb7 10. Bf4 a6 11. d5 Nbd7 12. Qc2 c6 13. d6 Nh5 14. Bg5 f6 15. dxe7 Qxe7 16. Be3 f5 17. Rad1 Rad8 18. Bg5 Bf6 19. Bc1 Rfe8 20. Rfe1 Qf7 21. b4 c5 22. b5 a5 23. Nd5 Bxd5 24. Rxd5 Nf8 25. Red1 Rxd5 26. Rxd5 Ne6 27. Qd1 Nhf4 28. Bxf4 Nxf4 29. Rd2 Nxe2+ 30. Rxe2 Rd8 31. Qc2 Qd7 32. g3 Qd1+ 33. Kg2 Qxc2 34. Rxc2 Kf7 35. Rd2 Re8 36. Kf1 Re4 37. Rc2 g5 38. Nd2 Rd4 39. Ke2 h5 40. f3 g4 41. hxg4 hxg4 42. fxg4 Rxg4 43. Kf3 Be5 44. Nf1 Ke6 45. Rh2 Rxc4 46. Rh6+ Bf6 47. Ne3 Rc3 48. Ke2 a4 49. Rxf6+ Kxf6 50. Nd5+ Kg5 51. Nxc3 Kg4 52. Kf2 f4 53. gxf4 Kxf4 54. Nd5+ Ke5 55. Nxb6 a3 56. Nc4+ Kd5 57. b6 Kc6 58. Ke3 1-0


[Site "https://www.chess.com"]

[Event "Titled Tuesday Blitz December 20 Late 2022"]
[White "Bambino Filho, Antonio Carlos"]
[Black "Clawitter, Craig"]
[WhiteFideId "2113163"]
[BlackFideId "2023105"]
[WhiteElo "2401"]
[BlackElo "2219"]
[Result "1-0"]
[Round "07"]
[TimeControl "180+1"]
[Date "2022.12.21"]
[WhiteClock "0:00:31"]
[BlackClock "0:00:03"]

1. e4 e6 2. Nc3 d5 3. Nf3 Nf6 4. e5 Nfd7 5. d4 c5 6. Bg5 Qb6 7. dxc5 Bxc5 8. Qd2 Nc6 9. Na4 Bxf2+ 10. Qxf2 Qb4+ 11. c3 Qxa4 12. Bd3 Ncxe5 13. Nxe5 Nxe5 14. Bc2 Qg4 15. Bf4 Ng6 16. Bd6 Bd7 17. O-O f5 18. Rae1 Kf7 19. h3 Qg5 20. Qd4 Rhe8 21. Bxf5 exf5 22. Qxd5+ Be6 23. Rxe6 Rxe6 24. Rxf5+ Qxf5 25. Qxf5+ Rf6 26. Qd5+ Re6 27. Qxb7+ Kf6 28. Qxa8 Rxd6 29. Qxa7 Rd1+ 30. Kh2 Rd2 31. Qb6+ Kf7 32. Qc7+ Kg8 33. b4 h5 34. h4 Nxh4 35. Qc4+ 1-0


[Site "https://www.chess.com"]

[Event "Titled Tuesday Blitz December 20 Late 2022"]
[White "Bas Mas, Jose Joaquin"]
[Black "Dudzinski, Pawel"]
[WhiteFideId "22219064"]
[BlackFideId "1117890"]
[WhiteElo "2233"]
[BlackElo "2099"]
[Result "0-1"]
[Round "07"]
[TimeControl "180+1"]
[Date "2022.12.21"]
[WhiteClock "0:00:02"]
[BlackClock "0:00:46"]

1. e4 c6 2. Nc3 d5 3. Nf3 g6 4. d4 Bg7 5. Be2 Bg4 6. Be3 Nf6 7. h3 Bxf3 8. Bxf3 e6 9. e5 Nfd7 10. h4 h5 11. a4 a6 12. a5 Qc7 13. Qd2 c5 14. O-O cxd4 15. Bxd4 Nc6 16. Bb6 Nxb6 17. axb6 Qxb6 18. Na4 Qb4 19. c3 Qxh4 20. Nb6 Rd8 21. Ra4 Qe7 22. Re1 Nxe5 23. Bxd5 exd5 24. Nxd5 Qc5 25. c4 O-O 26. Qc2 Rxd5 0-1


[Site "https://www.chess.com"]

[Event "Titled Tuesday Blitz December 20 Late 2022"]
[White "Begmuratov, Khumoyun"]
[Black "Tang, Andrew"]
[WhiteFideId "14210207"]
[BlackFideId "2059630"]
[WhiteElo "2267"]
[BlackElo "2582"]
[Result "0-1"]
[Round "07"]
[TimeControl "180+1"]
[Date "2022.12.20"]
[WhiteClock "0:00:03"]
[BlackClock "0:00:05"]

1. e4 e5 2. Nf3 Nc6 3. Nc3 Nf6 4. d4 exd4 5. Nxd4 Bb4 6. Nxc6 bxc6 7. Bd3 O-O 8. O-O d5 9. exd5 cxd5 10. h3 c6 11. Qf3 h6 12. Ne2 Rb8 13. Bf4 Bd6 14. b3 Rb7 15. Rfe1 c5 16. Ng3 Re7 17. Bf5 Bb7 18. Rxe7 Qxe7 19. Bd3 Bxf4 20. Qxf4 Re8 21. Rd1 Qe5 22. Qxe5 Rxe5 23. f4 Re6 24. Kf2 Kf8 25. c3 a5 26. Nf1 Rb6 27. Ne3 a4 28. Bc2 axb3 29. axb3 g6 30. g4 g5 31. fxg5 hxg5 32. Ra1 Ke7 33. Nf5+ Kd7 34. Ra5 Kc6 35. Ne7+ Kd6 36. Nf5+ Kc6 37. Ke3 Nd7 38. Bd1 Kc7 39. Ra2 Re6+ 40. Kf2 Nf6 41. Bf3 Rb6 42. Bd1 Ne4+ 43. Ke1 Nxc3 44. Rc2 Rxb3 45. Rc1 Ra3 46. Bf3 d4 47. Bxb7 Kxb7 48. Nd6+ Kc6 49. Nxf7 Ra2 50. Nxg5 c4 51. h4 Rh2 52. h5 Rh1+ 53. Kd2 Rh2+ 54. Ke1 Kd5 55. Nf3 Rh1+ 56. Kd2 Ne4+ 57. Kc2 Rh3 58. Rf1 d3+ 59. Kd1 c3 60. g5 c2+ 61. Kc1 Kc4 62. g6 Kc3 63. g7 Rg3 64. h6 d2+ 65. Nxd2 Nxd2 0-1


[Site "https://www.chess.com"]

[Event "Titled Tuesday Blitz December 20 Late 2022"]
[White "Belenkaya, Dina"]
[Black "Ronka, Erik"]
[WhiteFideId "24142654"]
[BlackFideId "505080"]
[WhiteElo "2209"]
[BlackElo "2264"]
[Result "0-1"]
[Round "07"]
[TimeControl "180+1"]
[Date "2022.12.21"]
[WhiteClock "0:00:04"]
[BlackClock "0:00:10"]

1. Nf3 d5 2. g3 Nf6 3. Bg2 e6 4. d3 c5 5. Nbd2 Nc6 6. O-O Be7 7. e4 O-O 8. e5 Nd7 9. Re1 b5 10. c3 Bb7 11. Nf1 Qc7 12. Bf4 Rfc8 13. h4 Qd8 14. N1h2 a5 15. Ng4 b4 16. Qd2 a4 17. h5 h6 18. c4 Nb6 19. Bxh6 gxh6 20. Nxh6+ Kg7 21. Qf4 Qf8 22. Ng5 Bxg5 23. Qxg5+ Kh7 24. cxd5 exd5 25. Bh3 Nd4 26. Bf5+ Nxf5 27. Qxf5+ Kxh6 28. e6 Qg7 29. exf7 Rc6 30. Re6+ Rxe6 31. Qxe6+ Kh7 32. Re1 Rf8 33. Qf5+ Kh8 34. Re7 Nc8 35. Rxb7 Nd6 36. Qxd5 Nxb7 37. Qxb7 Qxf7 38. Qe4 Qxf2+ 39. Kh1 Qf3+ 40. Qxf3 Rxf3 41. Kg2 Rxd3 0-1


[Site "https://www.chess.com"]

[Event "Titled Tuesday Blitz December 20 Late 2022"]
[White "Biernacki, Mark"]
[Black "Herman, Daniel"]
[WhiteFideId "2082322"]
[BlackFideId "30935008"]
[WhiteElo "1970"]
[BlackElo "1897"]
[Result "0-1"]
[Round "07"]
[TimeControl "180+1"]
[Date "2022.12.21"]
[WhiteClock "0:00:12"]
[BlackClock "0:00:16"]

1. c4 e5 2. Nc3 Bb4 3. Nf3 Bxc3 4. bxc3 Nc6 5. d3 f5 6. g3 Nf6 7. Bg2 O-O 8. O-O d6 9. Ne1 e4 10. Nc2 Qe8 11. Nd4 Ne5 12. f3 Qh5 13. f4 Nc6 14. Nxc6 bxc6 15. Qa4 Bd7 16. Qa5 Qxe2 17. dxe4 fxe4 18. Qxc7 d5 19. cxd5 cxd5 20. Ba3 Rfc8 21. Qe5 Re8 22. Qd4 Rac8 23. Bb4 a6 24. Rfe1 Qc4 25. Qxc4 Rxc4 26. Bf1 Rc6 27. Rad1 Bg4 28. Rd4 Bf3 29. c4 dxc4 30. Bxc4+ Kh8 31. Bb3 h6 32. Ba4 Rec8 33. Bxc6 Rxc6 34. Rd2 h5 35. Be7 Ng4 36. h3 Nh6 37. Bg5 Nf5 38. Kf2 e3+ 39. Rxe3 Nxe3 40. Kxf3 Nc4 41. Rc2 Ne5+ 42. fxe5 Rxc2 43. e6 Kg8 44. a3 Rc6 45. e7 Kf7 46. Ke4 Rc3 47. Kf5 g6+ 48. Ke5 Rc5+ 49. Kf4 Rf5+ 0-1


[Site "https://www.chess.com"]

[Event "Titled Tuesday Blitz December 20 Late 2022"]
[White "Blanco Acevedo, Cristobal Jose"]
[Black "aidenzhouu"]
[WhiteFideId "3900525"]
[WhiteElo "2273"]
[BlackElo "2402"]
[Result "1-0"]
[Round "07"]
[TimeControl "180+1"]
[Date "2022.12.21"]
[WhiteClock "0:00:14"]
[BlackClock "0:00:07"]

1. e4 c6 2. Nc3 d5 3. Nf3 dxe4 4. Nxe4 Nf6 5. Nxf6+ exf6 6. d4 Bd6 7. Bd3 O-O 8. Be3 Nd7 9. Qd2 Re8 10. O-O-O Nf8 11. Rhe1 Be6 12. Kb1 b5 13. Bf4 Ng6 14. Bxd6 Qxd6 15. Bxg6 hxg6 16. Qc3 a5 17. Nd2 Qd5 18. b3 Qxg2 19. f3 Bd5 20. Rg1 Qh3 21. Kb2 a4 22. Qd3 Qf5 23. Qxf5 gxf5 24. Rde1 Kf8 25. c4 Rxe1 26. Rxe1 Be6 27. f4 axb3 28. axb3 Rd8 29. Kc3 b4+ 30. Kd3 g5 31. Rf1 Ke7 32. Ke3 Rh8 33. Rf2 Rh3+ 34. Ke2 gxf4 35. Nf3 Rh8 36. Kd3 Ra8 37. Re2 Ra3 38. Rb2 Kd6 39. Ne1 Ra1 40. Nc2 Rh1 41. Nxb4 f3 42. Ke3 c5 43. dxc5+ Kxc5 44. Nd3+ Kd6 45. Kxf3 Rf1+ 46. Ke3 Ra1 47. Nf4 Kc5 48. Nd3+ Kb6 49. c5+ Kb5 50. b4 Bc4 51. Nf4 Ra4 52. Kd4 Ra8 53. Nh5 Rd8+ 54. Ke3 Rd3+ 55. Kf4 Rd4+ 56. Kxf5 Be6+ 57. Kxf6 Rh4 58. Ng7 Rh6+ 59. Ke7 Bc4 60. Nf5 Re6+ 61. Kd8 Re5 62. Nd6+ Kc6 63. Nxc4 f5 64. Nxe5+ 1-0


[Site "https://www.chess.com"]

[Event "Titled Tuesday Blitz December 20 Late 2022"]
[White "Bolanos, Fernando"]
[Black "Burke, Paul"]
[WhiteFideId "3304094"]
[BlackFideId "2605767"]
[WhiteElo "2166"]
[BlackElo "1780"]
[Result "1-0"]
[Round "07"]
[TimeControl "180+1"]
[Date "2022.12.21"]
[WhiteClock "0:01:25"]
[BlackClock "0:01:50"]

1. e4 e5 2. Nf3 Nc6 3. Bb5 f5 4. d3 Nf6 5. exf5 Be7 6. Bxc6 dxc6 7. Nxe5 Bxf5 8. Nc3 O-O 9. Be3 Bd6 10. Nc4 Ng4 11. Qd2 Nxe3 12. fxe3 Qh4+ 13. Kd1 Bg4+ 14. Kc1 Rf2 15. Qe1 Raf8 16. Nxd6 cxd6 17. Ne4 Qxh2 18. Rxh2 Rf1 19. Rh1 Rxe1+ 20. Rxe1 1-0


[Site "https://www.chess.com"]

[Event "Titled Tuesday Blitz December 20 Late 2022"]
[White "Bortnyk, Mykola"]
[Black "Bluebaum, Matthias"]
[WhiteFideId "14120836"]
[BlackFideId "24651516"]
[WhiteElo "2582"]
[BlackElo "2634"]
[Result "1/2-1/2"]
[Round "07"]
[TimeControl "180+1"]
[Date "2022.12.20"]
[WhiteClock "0:00:06"]
[BlackClock "0:00:13"]

1. e4 e6 2. d4 d5 3. Nc3 Nf6 4. e5 Nfd7 5. Nf3 c5 6. dxc5 Nc6 7. Bf4 Bxc5 8. Bd3 f6 9. exf6 Nxf6 10. Qd2 O-O 11. O-O-O Qa5 12. Kb1 Bb4 13. a3 Bxc3 14. Qxc3 Qxc3 15. bxc3 Ne4 16. Bxe4 dxe4 17. Bd6 exf3 18. Bxf8 fxg2 19. Rhg1 Kxf8 20. Rxg2 e5 21. f4 exf4 22. Rf1 Bf5 23. Rxf4 g6 24. h4 Ne7 25. Kb2 h5 26. Rxg6 Nxg6 27. Rxf5+ Ke7 28. Rxh5 Rh8 29. Rg5 Kf6 30. Rb5 Rh7 31. Ra5 b6 32. Rd5 Nxh4 33. a4 Nf5 34. a5 Ke6 35. Rd1 bxa5 36. c4 Rc7 37. Re1+ Kd7 38. Rh1 Nd6 39. c5 Rxc5 40. Rh7+ Kc6 41. Rxa7 Kb6 42. Rh7 Rb5+ 43. Kc3 a4 44. Rh6 Kc6 45. Rh4 Ra5 46. Kb4 Ra8 47. Rh3 a3 48. Rxa3 Rb8+ 49. Ka4 Kc5 50. Rh3 Rb1 51. Rh5+ Kc6 52. c4 Ne4 53. c5 Nxc5+ 54. Ka3 Rb5 55. Rh6+ Kd5 56. Rh5+ Kc6 57. Rh6+ Kc7 58. Rh7+ Nd7 59. Ka4 Rb8 60. Ka3 Kc6 61. Rh5 Nc5 62. Rh6+ Kd5 63. Rh5+ Kc4 64. Rh4+ Kc3 65. Rh3+ Nd3 66. Ka4 Kc4 67. Rh4+ Kc5 68. Rh5+ Kc4 69. Rh4+ Kc3 70. Rh3 Rb1 71. Rg3 Rf1 72. Rh3 Rf5 73. Rg3 Rh5 74. Re3 Kc4 75. Re4+ Kc3 76. Re3 Kd4 77. Rg3 Kc4 78. Rg4+ Kc3 79. Rg3 Rf5 80. Rh3 Rg5 81. Rf3 Kc4 82. Rh3 Rf5 83. Rh4+ Nf4 84. Ka3 Kc3 85. Ka4 Rf8 86. Kb5 Ne6 87. Rh3+ Kd4 88. Rh4+ Kd5 89. Rh5+ Kd6 90. Rh6 Rb8+ 91. Kc4 Ra8 92. Kb4 Kd5 93. Rh5+ Ke4 94. Rh4+ Nf4 95. Kb5 Rb8+ 96. Kc4 Rc8+ 97. Kb4 Ke5 98. Kb5 Rb8+ 99. Kc4 Rf8 100. Kb5 Kd5 101. Kb4 Kd4 102. Kb5 Rb8+ 103. Kc6 Ke5 1/2-1/2


[Site "https://www.chess.com"]

[Event "Titled Tuesday Blitz December 20 Late 2022"]
[White "Broca Jimenez, Fernando"]
[Black "Forgacs, Attila Jr."]
[WhiteFideId "5104742"]
[BlackFideId "773654"]
[WhiteElo "2062"]
[BlackElo "2168"]
[Result "0-1"]
[Round "07"]
[TimeControl "180+1"]
[Date "2022.12.21"]
[WhiteClock "0:00:10"]
[BlackClock "0:00:34"]

1. e4 e5 2. Nf3 Nc6 3. Bb5 a6 4. Ba4 Nf6 5. O-O Be7 6. Re1 b5 7. Bb3 O-O 8. h3 Bb7 9. d3 d6 10. c3 Qd7 11. Nbd2 Rfe8 12. Nf1 h6 13. Ne3 Bf8 14. Nf5 Kh7 15. Qd2 Ng8 16. g4 g6 17. Ne3 Bg7 18. Kh2 Rf8 19. Rg1 Nce7 20. Qe2 c5 21. a4 c4 22. Bc2 cxd3 23. Bxd3 f5 24. gxf5 gxf5 25. exf5 e4 26. f6 Nxf6 27. Bc2 Kh8 28. Nd4 Nh7 29. Ng4 h5 30. Ne3 Be5+ 31. Kg2 Rg8+ 32. Kf1 Rxg1+ 33. Kxg1 Qxh3 34. Ng2 Qh2+ 35. Kf1 Qh1# 0-1


[Site "https://www.chess.com"]